 Dungeon Crawl Stone Soup version 0.27-a0-1532-gca18f49f40 (webtiles) character file.

Game seed: 303295171344585470

148 Sin92 the Skirmisher (level 5, 0/42 HPs)
             Began as a Demonspawn Fighter on July 12, 2021.
             Slain by a gnoll sergeant (4 damage)
             ... on level 3 of the Dungeon.
             The game lasted 00:02:40 (2604 turns).

Sin92 the Skirmisher (Demonspawn Fighter)           Turns: 2604, Time: 00:02:41

Health: 0/42       AC: 12    Str: 17    XL:     5   Next: 8%
Magic:  5/5        EV:  7    Int:  9    God:
Gold:   77         SH:  9    Dex: 13    Spells: 4/4 levels left

rFire    . . .     SeeInvis .   a - +0 war axe
rCold    . . .     Faith    .   c - +0 kite shield
rNeg     . . .     Spirit   .   b - +0 scale mail
rPois    .         Reflect  .   (no helmet)
rElec    .         Harm     .   (no cloak)
rCorr    .         Rampage  .   (no gloves)
Will     .....                  (no boots)
Stlth    ..........             (no amulet)
HPRegen  0.14/turn              (no ring)
MPRegen  0.09/turn              (no ring)

@: brilliant, sanguine armoured, attractive
A: talons 1, powered by death 1, sanguine armour 1
a: no special abilities


You were on level 3 of the Dungeon.
You visited 1 branch of the dungeon, and saw 3 of its levels.

You collected 77 gold pieces.

Inventory:

Hand Weapons
 a - a +0 war axe (weapon)
Armour
 b - a +0 scale mail (worn)
 c - a +0 kite shield (worn)
Scrolls
 d - 2 scrolls of teleportation {unknown}
 e - a scroll of blinking {unknown}
 f - a scroll of silence {unknown}
 i - a scroll of immolation {unknown}
 l - a scroll of identify {unknown}


   Skills:
 + Level 3.7 Fighting
 + Level 2.6 Axes
 + Level 3.3 Armour
 + Level 1.6 Dodging
 + Level 3.3 Shields


You had 4 spell levels left.
You didn't know any spells.
Your spell library contained the following spells:

 Spells                   Type           Power      Damage    Failure   Level
 Inner Flame              Hex/Fire       0%         N/A       100%        3
 Cause Fear               Hex            0%         N/A       100%        4
 Discord                  Hex            0%         N/A       100%        8


Dungeon Overview and Level Annotations

Branches:
Dungeon (3/15)

Altars:
Kikubaaqudgha

Shops:
D:3 (

Annotations:
D:3 Spaninq's ghost, weakling HODe


Innate Abilities, Weirdness & Mutations

You have sharp toenails.
You regenerate a little health from kills.
When seriously injured, your bleeding wounds create armour. (AC +6)


Message History

Spaninq's ghost hits you. You block the gnoll sergeant's attack.
Spaninq's ghost barely misses you.
You barely miss Spaninq's ghost. Your kick misses Spaninq's ghost.
The gnoll sergeant hits you from afar with a +2 spear of flaming!
Your blood congeals into armour.
The gnoll sergeant burns you. Spaninq's ghost hits you.
You block the gnoll sergeant's attack.
You slash Spaninq's ghost!
You claw Spaninq's ghost, but do no damage.
Spaninq's ghost is severely damaged.
Spaninq's ghost hits you but does no damage.
You block the gnoll sergeant's attack. You block Spaninq's ghost's attack.
The gnoll sergeant hits you from afar with a +2 spear of flaming.
The gnoll sergeant burns you.
* * * LOW HITPOINT WARNING * * *
It was a potion of magic.
Magic courses through your body.
Spaninq's ghost hits you but does no damage.
It was a potion of attraction.
You feel attractive to monsters.
The gnoll sergeant hits you from afar with a +2 spear of flaming.
* * * LOW HITPOINT WARNING * * *
The gnoll sergeant burns you.
* * * LOW HITPOINT WARNING * * *
You block Spaninq's ghost's attack.
It was a potion of brilliance.
You feel clever all of a sudden.
The gnoll sergeant hits you but does no damage.
Spaninq's ghost hits you but does no damage.
You feel better. You block the gnoll sergeant's attack.
Spaninq's ghost hits you but does no damage.
You feel better.
The gnoll sergeant hits you from afar with a +2 spear of flaming!
The gnoll sergeant burns you. Spaninq's ghost barely misses you.
You closely miss Spaninq's ghost.
Spaninq's ghost is heavily damaged.
You block the gnoll sergeant's attack. Spaninq's ghost hits you.
* * * LOW HITPOINT WARNING * * *
The gnoll sergeant hits you from afar with a +2 spear of flaming!
* * * LOW HITPOINT WARNING * * *
The gnoll sergeant burns you.
You die...

#.# #.########
###################.####.########
#...............................#
#.###############...............#
#.# #....)...##....#########..#
#.#####.######.####..#.......#..#
#............#># #..#..#.#..#..#
.........###.#.####K.'...#...#..#
.#..###..# #.#..@Wgg.'.....$.#..#
....# #..# #.#######.'...#.:.#...
##..###..# #.# #.#..#.#.K#.##
.........###.# #.#.......#.#
##(..........# #.#########.#
##..####.###.# #...........#
##...........# #.###########
###.####.###.# #..# ###.####>#
#.# ##.#


You could see a gnoll sergeant, Spaninq's ghost, a goblin and a kobold.

Vanquished Creatures
  Jessica (D:2)
  Robin (D:3)
  4 adders (D:2)
  A worm (D:2)
  4 orcs (D:3)
  2 ball pythons
  3 bats
  7 endoplasms
  3 giant cockroaches
  14 goblins
  10 hobgoblins
  3 jackals
  A quokka (D:3)
  A frilled lizard (D:2)
  3 kobolds (D:1)
  6 rats
64 creatures vanquished.

Notes
Turn   | Place    | Note
-------+----------+-------------------------------------------
     0 | D:1      | Sin92 the Demonspawn Fighter began the quest for the Orb.
     0 | D:1      | Reached XP level 1. HP: 18/18 MP: 1/1
   201 | D:1      | Gained mutation: You regenerate a little health from kills.
                  | [demonic ancestry]
   201 | D:1      | Reached XP level 2. HP: 24/24 MP: 2/2
   484 | D:1      | Found a faded altar of an unknown god.
  1179 | D:2      | Gained mutation: You have sharp toenails. [demonic
                  | ancestry]
  1179 | D:2      | Reached XP level 3. HP: 24/29 MP: 3/3
  1316 | D:2      | Reached skill level 1 in Dodging
  1658 | D:2      | Reached XP level 4. HP: 35/35 MP: 4/4
  1784 | D:2      | Noticed Jessica
  1791 | D:2      | Killed Jessica
  2106 | D:3      | Noticed Robin
  2118 | D:3      | Killed Robin
  2119 | D:3      | Gained mutation: When seriously injured, your bleeding
                  | wounds create armour. (AC +6) [demonic ancestry]
  2119 | D:3      | Reached XP level 5. HP: 40/42 MP: 5/5
  2127 | D:3      | Found an ancient bone altar of Kikubaaqudgha.
  2220 | D:3      | Found a runed translucent gate.
  2220 | D:3      | Found a runed translucent gate.
  2221 | D:3      | Found a runed translucent gate.
  2223 | D:3      | Noticed Spaninq's ghost (weakling HODe)
  2246 | D:3      | Found Joguesuh's Weapon Shoppe.
  2604 | D:3      | Slain by a gnoll sergeant

Illustrated notes

Levels and vault maps discovered:
D:1:      wheals_arrival_linesprint, layout_loops_ring,
          ebering_ecumenical_altar_sacrificial
D:2:      layout_basic, uniq_jessica
D:3:      layout_loops_ring, kiku_gazebo_pond_becter, serial_shops,
          nicolae_shop_waterfront, gammafunk_ghost_split, uniq_robin

Skill      XL: |  1  2  3 |
---------------+----------+-----
Axes           | 2 |  2.6
Armour         | 3 |  3.3
Shields        | 3 |  3.3
Dodging        | 1 |  1.6
Fighting       | |  3.7

Action                   |  1- 3 |  4- 6 || total
-------------------------+-------+-------++-------
Melee: War axe           |    97 |    44 ||   141
       Kick              |    12 |    15 ||    27
  Use: Potion            |       |     7 ||     7
Armor: Scale mail        |    43 |    28 ||    71
Dodge: Dodged            |    31 |    18 ||    49
Block: Kite shield       |    51 |    29 ||    80

Table legend: (Time is in decaauts)
 A = Elapsed time spent in this place.
 B = Non-inter-level travel time spent in this place.
 C = Inter-level travel time spent in this place.
 D = Time resting spent in this place.
 E = Time spent auto-exploring this place.
 F = Levels seen in this place.
 G = Mean time per level.
                   A        B        C        D        E       F      G
               +--------+--------+--------+--------+--------+-----+--------+
         Total |   2694 |   2665 |     29 |    117 |   2140 |   3 |  898.0 |
       Dungeon |   2694 |   2665 |     29 |    117 |   2140 |   3 |  898.0 |
               +--------+--------+--------+--------+--------+-----+--------+

Top non-repeatable levels by time:
     D:1: 1150 daAuts
     D:3: 792 daAuts
     D:2: 752 daAuts
